 Dungeon Crawl Stone Soup version 0.22-a0-271-gc000056a37 (webtiles) character file.

743 RedPan the Insei (level 7, -4/55 HPs)
             Began as a Demonspawn Monk on Mar 12, 2018.
             Slain by a wight
             ... wielding a +0 halberd
              (12 damage)
             ... on level 5 of the Dungeon.
             The game lasted 00:09:26 (6322 turns).

RedPan the Insei (Demonspawn Monk)                  Turns: 6322, Time: 00:09:27

Health: -4/55      AC:  2    Str: 13    XL:     7   Next: 47%
Magic:  7/7        EV: 13    Int: 12    God:
Gold:   258        SH:  0    Dex: 15    Spells: 6/6 levels left

rFire    . . .     SeeInvis .     - Unarmed
rCold    . . .     Gourm    .   (no shield)
rNeg     . . .     Faith    .   a - +0 robe
rPois    .         Spirit   .   (helmet restricted)
rElec    .         Reflect  .   (no cloak)
rCorr    .         Harm     .   (no gloves)
MR       .....                  (no boots)
Stlth    +.........             g - amulet of magic regeneration
HPRegen  0.18/turn              (no ring)
MPRegen  0.35/turn              (no ring)

@: heavily drained
A: horns 1, spiny 2
a: no special abilities


You were on level 5 of the Dungeon.
You were not hungry.

You visited 1 branch of the dungeon, and saw 5 of its levels.

You collected 258 gold pieces.

Inventory:

Armour
 a - a +0 robe (worn)
 m - a +0 large shield
Jewellery
 g - an amulet of magic regeneration (around neck)
Wands
 k - a wand of enslavement (15)
Scrolls
 n - 2 scrolls of identify
Potions
 c - a potion of might
 d - 4 potions of curing
 e - 3 potions of heal wounds {unknown}
 h - a potion of magic
 i - a potion of brilliance {unknown}
 j - a potion of mutation {unknown}
Comestibles
 b - 11 rations


   Skills:
 - Level 4.3(2.7) Fighting
 + Level 4.8(3.1) Dodging
 - Level 1.7(0.2) Stealth
 * Level 6.3(4.5) Unarmed Combat


You had 6 spell levels left.
You didn't know any spells.

Dungeon Overview and Level Annotations

Branches:
Dungeon (5/15)
 Temple: D:4-7

Altars:
Okawaru
Sif Muna


Innate Abilities, Weirdness & Mutations

You have a pair of small horns on your head.
You are mostly covered in sharp spines.


Message History

You headbutt the wight, but do no damage.
The wight is almost destroyed.
The wight barely misses you.
You barely miss the wight.
The wight is almost destroyed.
The wight hits you with an enchanted mace.
* * * LOW HITPOINT WARNING * * *
The wight closely misses you.
You barely miss the wight.
You headbutt the wight, but do no damage.
The wight is almost destroyed.
The wight hits you with an enchanted mace!
* * * LOW HITPOINT WARNING * * *
You feel drained.
Unknown command.
You barely miss the wight.
You headbutt the wight, but do no damage.
The wight is almost destroyed.
The wight hits you from afar with a halberd!
You die...

.####.##................
....#.##.#######.######
.##.#.##.# #.....#####.#
.##.#.##.# #..#........#
.##'#.##.# #..##########
.#....##.# #........
.#....##.# #.#######
......##.# #.#
..#'#.##'## #@##########
..#.#.#...# #z##.z......
..#.#.'...# #z##'###
..#.###...# #....>.#
..#.# #...# #......#
..#.# #...# #......#
..#.# #...# #.......#
....# #...# #.......#
#.# #...# #.......#


You could see 2 wights.

Vanquished Creatures
  2 phantoms
  2 wights (D:5)
  A hound (D:4)
  A centaur skeleton (D:5)
  A bullfrog skeleton (D:4)
  An orc priest (D:5)
  3 orc wizards
  2 worker ants
  A hound zombie (D:5)
  A gnoll (D:2)
  8 adders
  2 oozes (D:1)
  An adder skeleton (D:4)
  3 worms
  3 dart slugs
  4 leopard geckos
  14 orcs
  8 bats
  6 giant cockroaches
  5 goblins
  8 hobgoblins
  13 kobolds
  2 quokkas (D:3)
  3 ball pythons
  8 frilled lizards
  8 rats
111 creatures vanquished.

Notes
Turn   | Place    | Note
-------+----------+-------------------------------------------
     0 | D:1      | RedPan the Demonspawn Monk began the quest for the Orb.
     0 | D:1      | Reached XP level 1. HP: 18/18 MP: 1/1
   278 | D:1      | Reached skill level 3 in Unarmed Combat
   278 | D:1      | Gained mutation: You have a pair of small horns on your head. [demonic ancestry]
   278 | D:1      | Reached XP level 2. HP: 20/24 MP: 2/2
  1126 | D:1      | Reached XP level 3. HP: 29/29 MP: 3/3
  2480 | D:2      | Reached XP level 4. HP: 25/35 MP: 4/4
  2987 | D:2      | Found an iron altar of Okawaru.
  3015 | D:2      | Reached skill level 4 in Unarmed Combat
  3721 | D:3      | Reached XP level 5. HP: 33/42 MP: 5/5
  3853 | D:3      | Found a deep blue altar of Sif Muna.
  4447 | D:3      | Noticed a phantom
  4708 | D:3      | Killed a phantom
  4708 | D:3      | Gained mutation: You are partially covered in sharp spines. [demonic ancestry]
  4708 | D:3      | Reached XP level 6. HP: 22/48 MP: 6/6
  5166 | D:4      | Reached skill level 5 in Unarmed Combat
  5494 | D:4      | Gained mutation: You are mostly covered in sharp spines. [demonic ancestry]
  5494 | D:4      | Reached XP level 7. HP: 31/55 MP: 7/7
  5999 | D:5      | Entered Level 5 of the Dungeon
  6072 | D:5      | Reached skill level 6 in Unarmed Combat
  6322 | D:5      | Slain by a wight

Vault maps used:
D:1:      onia_arrival_larder
D:2:      okawaru_altar_gauntlet_db, uniq_crazy_yiuf_cottage
D:3:      overflow_temple_1_default
D:4:      lemuel_upstairs_altar, first_ration
D:5:      minmay_temple_entry_purple_smoke, led_xom_imps

Skill      XL: |  1  2  3  4  5  6  7 |
---------------+----------------------+-----
Unarmed Combat | 3 4 5 6 |  6.3
Dodging        | 3 4 |  4.8
Fighting       | 4 |  4.3
Stealth        | |  1.7

Action                   |  1- 3 |  4- 6 |  7- 9 || total
-------------------------+-------+-------+-------++-------
Melee: Unarmed           |   156 |   230 |    53 ||   439
       Headbutt          |    17 |    39 |    16 ||    72
       Punch             |     6 |     5 |     2 ||    13
  Use: Scroll            |       |     7 |     1 ||     8
       Potion            |       |     1 |       ||     1
 Stab: Distracted        |     1 |       |       ||     1
       Sleeping          |     5 |     3 |       ||     8
  Eat: Chunk             |     5 |     9 |     3 ||    17
Armor: Robe              |    26 |    23 |     6 ||    55
Dodge: Dodged            |   109 |   155 |    26 ||   290

Table legend:
 A = Spawn XP
 B = Non-spawn XP
 C = Spawn XP percentage of total XP
 D = Spawn monster count
 E = Non-spawn monster count
 F = Spawn count percentage of total count
 G = Total turns spent on level
                    A         B        C        D         E        F      G
               +---------+---------+-------+---------+---------+-------+---------
         Total |       0 |    1062 |   0.0 |       0 |     111 |   0.0 |  6322
               +---------+---------+-------+---------+---------+-------+---------
           D:1 |       0 |      64 |   0.0 |       0 |      32 |   0.0 |  2281
           D:2 |       0 |     110 |   0.0 |       0 |      27 |   0.0 |  1342
           D:3 |       0 |     242 |   0.0 |       0 |      26 |   0.0 |  1521
           D:4 |       0 |     364 |   0.0 |       0 |      16 |   0.0 |   855
           D:5 |       0 |     282 |   0.0 |       0 |      10 |   0.0 |   323
               +---------+---------+-------+---------+---------+-------+---------
